 Dungeon Crawl Stone Soup version 0.27-a0-1529-g1e82c303ef (webtiles) character file.

Game seed: 62306530971354816

2865 hatdisgam the Carver (level 9, -5/43 HPs)
             Began as a Vine Stalker Fighter on July 11, 2021.
             Was an Initiate of Dithmenos.
             Engulfed by a cloud of steam (7 damage)
             ... on level 8 of the Dungeon.
             The game lasted 00:11:00 (7469 turns).

hatdisgam the Carver (Vine Stalker Fighter)         Turns: 7469, Time: 00:11:00

Health: -5/43      AC: 10    Str: 20    XL:     9   Next: 75%
Magic:  0/10       EV: 11    Int: 10    God:    Dithmenos [......]
Gold:   107        SH:  0    Dex: 14    Spells: 8/8 levels left

rFire    . . .     SeeInvis .   a - +0 long sword
rCold    . . .     Faith    .   (no shield)
rNeg     . . .     Spirit   +   k - +0 scale mail
rPois    +         Reflect  .   B - +0 helmet
rElec    .         Harm     .   q - +0 cloak {rCorr}
rCorr    +         Rampage  .   i - +1 pair of gloves {archery}
Will     +....                  (no boots)
Stlth    ..........             (no amulet)
HPRegen  1.14/turn              v - ring of poison resistance
MPRegen  0.12/turn              (no ring)

@: no status effects
A: fangs 3, regeneration 1, magic shield, antimagic bite, no potion heal 2
a: Renounce Religion


You were on level 8 of the Dungeon.
You worshipped Dithmenos.
Dithmenos was noncommittal.
You visited 2 branches of the dungeon, and saw 9 of its levels.

You collected 354 gold pieces.
You spent 247 gold pieces at shops.

Inventory:

Hand Weapons
 a - a +0 long sword (weapon)
 b - a +0 hunting sling
 o - a +2 dagger of holy wrath
Missiles
 j - 208 stones (quivered)
 l - 92 sling bullets
 n - 41 poisoned darts
 s - 124 bolts
 u - 170 arrows
Armour
 c - a +0 kite shield
 i - a +1 pair of gloves of archery (worn)
 k - a +0 scale mail (worn)
 q - a +0 cloak of preservation (worn)
 B - a +0 helmet (worn)
Jewellery
 v - a ring of poison resistance (left hand)
Wands
 C - a wand of mindburst (17)
 D - a wand of charming (14)
 G - a wand of paralysis (7)
 I - a wand of flame (20)
Scrolls
 d - a scroll of holy word {unknown}
 e - 3 scrolls of blinking {unknown}
 f - a scroll of acquirement {unknown}
 h - 5 scrolls of identify {unknown}
 m - a scroll of torment {unknown}
 p - 3 scrolls of enchant armour {unknown}
 r - 2 scrolls of noise {unknown}
 t - 2 scrolls of brand weapon {unknown}
 x - 2 scrolls of immolation {unknown}
 y - 2 scrolls of fog {unknown}
 z - a scroll of enchant weapon {unknown}
 A - a scroll of fear {unknown}
 F - a scroll of vulnerability {unknown}
 H - a scroll of amnesia {unknown}
Potions
 g - 3 potions of heal wounds {unknown}
 w - 3 potions of lignification {unknown}
 E - a potion of haste {unknown}
 J - a potion of ambrosia {unknown}


   Skills:
 - Level 2.6 Fighting
 * Level 9.8 Long Blades
 + Level 4.6 Slings
 - Level 2.4 Armour
 + Level 4.7 Dodging
 - Level 2.6 Shields


You had 8 spell levels left.
You didn't know any spells.
Your spell library contained the following spells:

 Spells                   Type           Power      Damage    Failure   Level
 Poisonous Vapours        Pois/Air       0%         N/A       86%         2
 Mephitic Cloud           Conj/Pois/Air  0%         N/A       97%         3
 Summon Guardian Golem    Hex/Summ       0%         N/A       97%         3
 Freezing Cloud           Conj/Ice/Air   0%         6-21      100%        5
 Orb of Destruction       Conj           0%         N/A       100%        7
 Spellforged Servitor     Conj/Summ      0%         N/A       100%        7


Dungeon Overview and Level Annotations

Branches:
Dungeon (8/15)             Temple (1/1) D:5            Lair (0/6) D:8

Altars:
Ashenzari
Cheibriados
Dithmenos
Fedhas
Gozag
Hepliaklqana
Makhleb
Nemelex Xobeh
Okawaru
Qazlal
Sif Muna
Uskayaw
Vehumet
Wu Jian
Xom
Yredelemnul
Zin
The Shining One

Shops:
D:2 (   D:7 [


Innate Abilities, Weirdness & Mutations

You have razor-sharp teeth.
Your natural rate of healing is unusually fast.
When hurt, damage is shared between your health and your magic reserves.
Your bite disrupts and absorbs the magic of your enemies.
Potions cannot restore your health.


Message History

You are engulfed in a cloud of scalding steam.
The steam dragon bites you but does no damage.
The steam dragon barely misses you.
You slash the steam dragon! Your bite misses the steam dragon.
The steam dragon is severely wounded.
You are engulfed in a cloud of scalding steam.
The steam dragon bites you but does no damage.
The steam dragon claws you but does no damage.
You hit the steam dragon.
You bite the steam dragon, but do no damage.
The steam dragon is severely wounded.
The steam dragon misses you. x2
You hit the steam dragon.
The steam dragon is almost dead.
The steam dragon bites you!
* * * LOW HITPOINT WARNING * * *
The steam dragon barely misses you.
You hit the steam dragon. Your bite misses the steam dragon.
The steam dragon is almost dead.
You closely miss the steam dragon. Your bite misses the steam dragon.
The steam dragon is almost dead.
The steam dragon barely misses you.
The steam dragon claws you but does no damage.
You closely miss the steam dragon.
The steam dragon is almost dead.
The steam dragon breathes steam at you. The ball of steam hits you!
* * * LOW HITPOINT WARNING * * *
You hear a distant slurping noise.
You hear a shout! x3
You hit the steam dragon.
The steam dragon is almost dead.
You are engulfed in a cloud of scalding steam.
The steam dragon bites you but does no damage.
The steam dragon claws you.
* * * LOW HITPOINT WARNING * * *
You hit the steam dragon. You bite the steam dragon.
You kill the steam dragon!
Dithmenos accepts your kill.
You are engulfed in a cloud of scalding steam.
You die...

######.....#....###........#
#.....##.#.###.#.######
#..............#.#
#.....##.#.......#
#.....##.#.#####.#
########.#.#####.#
#§#.......# #§######### #@#
#§# ...((((c# #.####..# #...
.... ##...# ##.## #.#


You could see a centaur.

Vanquished Creatures
  Grinder (D:3)
  A steam dragon (D:8)
  An acid dragon (D:8)
  2 water moccasins (D:8)
  2 ice beasts
  A necrophage (D:5)
  A hornet zombie (D:5)
  A black bear (D:5)
  3 ogres
  2 centaurs
  A phantom (D:5)
  2 bullfrogs
  A scorpion (D:6)
  A water moccasin skeleton (D:6)
  A howler monkey (D:4)
  3 centaur zombies
  A hound (D:5)
  A gnoll shaman (D:7)
  An orc priest (D:5)
  Crazy Yiuf (D:2)
  3 iguanas (D:5)
  Natasha (twice) (D:2)
  5 orc wizards
  3 howler monkey zombies
  7 adders
  A howler monkey skeleton (D:5)
  9 gnolls
  3 white imps
  An ufetubus (D:6)
  An adder skeleton (D:4)
  A worm (D:2)
  4 dart slugs
  12 orcs
  3 ball pythons
  3 endoplasms
  5 giant cockroaches
  9 goblins
  7 hobgoblins
  3 jackals (D:1)
  6 quokkas
  6 bats
  3 frilled lizards
  9 kobolds
  3 rats (D:1)
137 creatures vanquished.

Vanquished Creatures (others)
  A shadow imp (D:8)
  2 plants (D:7)
3 creatures vanquished.

Grand Total: 140 creatures vanquished

Notes
Turn   | Place    | Note
-------+----------+-------------------------------------------
     0 | D:1      | hatdisgam the Vine Stalker Fighter began the quest for the
                  | Orb.
     0 | D:1      | Reached XP level 1. HP: 11/11 MP: 2/2
    26 | D:1      | Reached skill level 2 in Long Blades
   309 | D:1      | Reached XP level 2. HP: 12/16 MP: 3/3
   400 | D:1      | Reached skill level 3 in Long Blades
   566 | D:1      | Reached XP level 3. HP: 19/19 MP: 4/4
  1003 | D:1      | Found a faded altar of an unknown god.
  1381 | D:2      | Gained mutation: Your natural rate of healing is unusually
                  | fast. [Vine Stalker growth]
  1381 | D:2      | Reached XP level 4. HP: 10/23 MP: 5/5
  1443 | D:2      | You fall into a shaft and drop 1 floor!
  1460 | D:3      | Reached skill level 4 in Long Blades
  1474 | D:3      | Noticed Grinder
  1486 | D:3      | Killed Grinder
  1487 | D:3      | Reached skill level 5 in Long Blades
  1487 | D:3      | Reached XP level 5. HP: 11/27 MP: 1/6
  1487 | D:3      | Reached XP level 6. HP: 13/32 MP: 1/7
  1791 | D:3      | Found a shimmering blue altar of Sif Muna.
  2138 | D:4      | Reached skill level 6 in Long Blades
  2980 | D:2      | Noticed Natasha
  2987 | D:2      | Killed Natasha
  3082 | D:2      | Found Tajaill's Weapon Boutique.
  3125 | D:2      | Found a runed translucent door.
  3126 | D:2      | Noticed Crazy Yiuf
  3233 | D:2      | Noticed Natasha
  3250 | D:2      | Killed Natasha
  3315 | D:2      | Killed Crazy Yiuf
  3316 | D:2      | Reached skill level 1 in Dodging
  3482 | D:4      | Reached XP level 7. HP: 32/35 MP: 6/8
  3635 | D:4      | Found a hazy altar of Hepliaklqana.
  4191 | D:5      | Entered Level 5 of the Dungeon
  4249 | D:5      | Reached skill level 7 in Long Blades
  4302 | D:5      | Reached skill level 1 in Slings
  4367 | D:5      | Found a broken altar of Ashenzari.
  4396 | D:5      | Gained mutation: You have razor-sharp teeth. [Vine Stalker
                  | growth]
  4396 | D:5      | Reached XP level 8. HP: 36/39 MP: 7/9
  4865 | D:5      | Reached skill level 8 in Long Blades
  4942 | D:5      | Found a staircase to the Ecumenical Temple.
  5048 | Temple   | Entered the Ecumenical Temple
  5105 | Temple   | Became a worshipper of Dithmenos the Shadowed
  5857 | D:6      | Reached XP level 9. HP: 23/43 MP: 10/10
  6313 | D:7      | Found an iron altar of Okawaru.
  6344 | D:7      | Found Poatoh's Antique Armour Boutique.
  6352 | D:7      | Bought a jewelled buckler for 247 gold pieces
  6352 | D:7      | Identified the -8 buckler "Wuku" {-Cast rF+ Slay+3} (You
                  | bought it in a shop on level 7 of the Dungeon)
  6380 | D:7      | Reached skill level 9 in Long Blades
  6678 | D:7      | Found a hide-covered altar of Uskayaw.
  7102 | D:8      | Found a staircase to the Lair.
  7467 | D:8      | HP: 2/43 [steam dragon/ball of steam (13)]
  7469 | D:8      | Engulfed by a cloud of steam

Illustrated notes

Levels and vault maps discovered:
D:1:      heliophobic_arrival_ceremonial_halls, layout_basic,
          ebering_ecumenical_altar_hall
D:2:      layout_basic, serial_shops, shop, uniq_natasha,
          uniq_crazy_yiuf_cottage
D:3:      layout_loops_ring, mainiacjoe_overflow_alcove_1, serial_glass,
          glass_columns_b, glass_columns_a, glass_columns_b, glass_columns_a,
          glass_columns_b, glass_columns_b, kennysheep_cross_bottleneck,
          hex_tiny, hex_medium, uniq_grinder
D:4:      layout_basic, nicolae_hepliaklqana_hippocampus
D:5:      layout_layer_cave, ashenzari_altar_1,
          minmay_temple_entry_glassed_door, minmay_misc_feat_rows
D:6:      layout_rooms, minmay_misc_feat_alley, minmay_microvault
D:7:      layout_basic, general_overflow_altar, mainiacjoe_overflow_chevrons,
          minmay_shop_grid_forest
D:8:      layout_loops_corners, chequers_temple_overflow_statue_of_worship,
          lightli_temple_of_fire, lair_entry_dummy
Temple:   nicolae_temple_god_jail

Skill      XL: |  1  2  3  4  5  6  7  8  9 |
---------------+----------------------------+-----
Long Blades    | 2 3 5 6 7 8 9 |  9.8
Dodging        | 1 2 3 4 |  4.7
Slings         | 1 3 4 |  4.6
Fighting       | |  2.6
Armour         | |  2.4
Shields        | |  2.6

Action                   |  1- 3 |  4- 6 |  7- 9 || total
-------------------------+-------+-------+-------++-------
Melee: Long sword        |    78 |   113 |   255 ||   446
       Bite              |    24 |    38 |   104 ||   166
 Fire: Hunting sling     |       |       |    50 ||    50
  Use: Potion            |       |     1 |       ||     1
Armor: Scale mail        |    48 |    58 |   146 ||   252
Dodge: Dodged            |    49 |    56 |   137 ||   242
       Rpst.: Long sword |    14 |    20 |    35 ||    69

Table legend: (Time is in decaauts)
 A = Elapsed time spent in this place.
 B = Non-inter-level travel time spent in this place.
 C = Inter-level travel time spent in this place.
 D = Time resting spent in this place.
 E = Time spent auto-exploring this place.
 F = Levels seen in this place.
 G = Mean time per level.
                   A        B        C        D        E       F      G
               +--------+--------+--------+--------+--------+-----+--------+
         Total |   7495 |   7281 |    214 |    448 |   5787 |   9 |  832.8 |
       Dungeon |   7428 |   7223 |    205 |    448 |   5748 |   8 |  928.5 |
        Temple |     66 |     58 |      8 |      0 |     39 |   1 |   66.0 |
               +--------+--------+--------+--------+--------+-----+--------+

Top non-repeatable levels by time:
     D:5: 1298 daAuts
     D:1: 1250 daAuts
     D:4: 1114 daAuts
     D:2: 1052 daAuts
     D:7: 864 daAuts
     D:3: 814 daAuts
     D:6: 663 daAuts
     D:8: 370 daAuts
  Temple: 66 daAuts
